 Dungeon Crawl Stone Soup version 0.29.1-12-g30fa7ad0bf (webtiles) character file.

Game seed: 11498417223940446536

0 wormed the Caller (level 1, 0/13 HPs)
             Began as a Gnoll Summoner on Dec 26, 2022.
             Slain by a kobold
             ... wielding a +0 short sword
              (4 damage)
             ... on level 1 of the Dungeon.
             The game lasted 00:00:16 (78 turns).

wormed the Caller (Gnoll Summoner)                    Turns: 78, Time: 00:00:17

Health: 0/13       AC:  2    Str:  7    XL:     1   Next: 10%
Magic:  5/6        EV: 13    Int: 14    God:
Gold:   0          SH:  0    Dex: 12    Spells: 8/9 levels left

rFire   . . .      SeeInvis .   (no weapon)
rCold   . . .      Faith    .   (no shield)
rNeg    . . .      Spirit   .   a - +0 robe
rPois   .          Reflect  .   (no helmet)
rElec   .          Harm     .   (no cloak)
rCorr   .          Rampage  .   (no gloves)
Will    .....                   (no boots)
Stlth   ++........              (no amulet)
HPRegen 0.04/turn               (no ring)
MPRegen 0.10/turn               (no ring)

@: no status effects
A: fangs 1, strong nose, distributed training
a: no special abilities


You were on level 1 of the Dungeon.
You visited 1 branch of the dungeon, and saw 1 of its levels.

Inventory:

Armour
 a - a +0 robe (worn)
Scrolls
 d - a scroll of butterflies {unknown}
Potions
 b - 2 potions of magic
 c - a potion of brilliance {unknown}


   Skills:
 + Level 0.0 Fighting
 + Level 0.0 Short Blades
 + Level 0.0 Long Blades
 + Level 0.0 Axes
 + Level 0.0 Maces & Flails
 + Level 0.0 Polearms
 + Level 0.0 Staves
 + Level 0.0 Ranged Weapons
 + Level 0.0 Throwing
 + Level 0.0 Armour
 + Level 4.4 Dodging
 + Level 4.0 Stealth
 + Level 0.0 Shields
 + Level 0.0 Unarmed Combat
 + Level 4.8 Spellcasting
 + Level 0.0 Conjurations
 + Level 0.0 Hexes
 + Level 7.0 Summonings
 + Level 0.0 Necromancy
 + Level 0.0 Translocations
 + Level 0.0 Transmutations
 + Level 0.0 Fire Magic
 + Level 0.0 Ice Magic
 + Level 0.0 Air Magic
 + Level 0.0 Earth Magic
 + Level 0.0 Poison Magic
 + Level 0.0 Invocations
 + Level 0.0 Evocations


You had 8 spell levels left.
You knew the following spells:

 Your Spells              Type           Power      Damage    Failure   Level
a - Summon Small Mammal   Summ           92%        N/A       1%          1

Your spell library contained the following spells:

 Spells                   Type           Power      Damage    Failure   Level
 Call Imp                 Summ           23%        N/A       1%          2
 Call Canine Familiar     Summ           23%        N/A       3%          3
 Summon Guardian Golem    Hex/Summ       13%        N/A       13%         3
 Summon Lightning Spire   Summ/Air       13%        N/A       38%         4


Dungeon Overview and Level Annotations

Branches:
Dungeon (1/15)

Altars:

Annotations:
D:1 2 transporters


Innate Abilities, Weirdness & Mutations

You have very sharp teeth.
Your uncanny sense of smell can sniff out nearby items.
Your experience applies equally to all skills.


Message History

d - a scroll labelled KENGON KYDWI A hobgoblin comes into view.
A hobgoblin is nearby!
A hobgoblin is nearby!
A hobgoblin is nearby!
Found two stone staircases leading down.
The hobgoblin shouts!
A kobold comes into view. It is wielding a +0 short sword.
Found a fizzy orange potion.
The kobold shouts!
A frilled lizard comes into view.
Casting: Summon Small Mammal (safe; 1% risk of failure)
Confirm with . or Enter, or press ? or * to list all spells.
Something barely misses your quokka.
The kobold hits your quokka but does no damage.
Your quokka closely misses the kobold.
Your quokka closely misses the kobold.
Your quokka bites the kobold.
The kobold barely misses your quokka.
Your quokka bites the kobold but does no damage.
The kobold hits your quokka with a +0 short sword.
The hobgoblin closely misses you. The frilled lizard bites your quokka.
You hit the hobgoblin but do no damage.
Your quokka barely misses the frilled lizard.
The kobold hits your quokka with a +0 short sword.
Your quokka dies!
Your quokka's corpse disappears in a puff of smoke!
The hobgoblin misses you.
The kobold shouts!
The hobgoblin attacks as you move away! The hobgoblin hits you.
Casting: Summon Small Mammal (safe; 1% risk of failure)
Confirm with . or Enter, or press ? or * to list all spells.
The hobgoblin hits you. The hobgoblin attacks as you move away!
The hobgoblin hits you.
A jackal comes into view.
Your rat bites the hobgoblin.
The hobgoblin hits you but does no damage.
The hobgoblin attacks as you move away!
The hobgoblin hits you but does no damage.
The kobold hits you with a +0 short sword.
You die...

######### #..^....#
#.......# #.......#
#.......# #......r#
.>.#####.....Kg######
.........h...l@.....#
..####.######......#####
#>.......+......'...#
#..$.#####......###.##
#...!# ###..######..##
#.$..# ##~~~.~≈≈≈###..#
.....###~≈≈≈≈.≈≈≈~###.#
#.....##~≈≈≈≈≈≈.≈≈≈#
#.## ∆
......##≈≈≈≈~~.~~≈≈#
#.†#


You could see a jackal, a hobgoblin (ally target), a kobold, a frilled lizard
and a friendly rat (summoned).

Vanquished Creatures (collateral kills)
  A rat (D:1)
1 creature vanquished.

Notes
Turn   | Place    | Note
-------+----------+-------------------------------------------
     0 | D:1      | wormed the Gnoll Summoner began the quest for the Orb.
     0 | D:1      | Reached XP level 1. HP: 13/13 MP: 6/6
    78 | D:1      | Slain by a kobold

Illustrated notes

Levels and vault maps discovered:
D:1:      spicycebolla_arrival_transporter_tutorial, layout_basic,
          chequers_ecumenical_altar_twisty

Action                   || total
-------------------------++-------
Melee: Unarmed           ||     1
 Cast: Summon Small Mamm ||     3
Armor: Robe              ||     2
Dodge: Dodged            ||     2
